 Dungeon Crawl Stone Soup version 0.20.1-1-g8b1a95d (webtiles) character file.

23510 Ijustatesigmund the Covert (level 12, -7/58 HPs)
             Began as a Spriggan Assassin on Sept 13, 2017.
             Was an Initiate of Gozag.
             Mangled by a swamp worm (20 damage)
             ... on level 2 of the Lair of Beasts on Sept 14, 2017.
             The game lasted 01:30:55 (26965 turns).

Ijustatesigmund the Covert (Spriggan Assassin)     Turns: 26965, Time: 01:30:55

Health: -7/58      AC:  6    Str:  7    XL:     12   Next: 72%
Magic:  15/15      EV: 34    Int: 14    God:    Gozag
Gold:   1461       SH:  0    Dex: 26    Spells: 11/11 levels left

rFire    . . .     SeeInvis +   Q - +1 quick blade (flame)
rCold    + . .     Gourm    .   (shield restricted)
rNeg     . . .     Faith    .   m - +2 robe {rC+}
rPois    .         Spirit   .   (helmet restricted)
rElec    .         Reflect  .   s - scarf {repulsion}
rCorr    .         Harm     .   (gloves unavailable)
MR       ++...                  (boots unavailable)
Stlth    ++++++....             (no amulet)
Regen    0.2/turn               a - +5 ring of dexterity (curse)
MPRegen  0.2/turn               (no ring)

@: repel missiles, very quick
A: unfitting armour, slimy green scales 1, see invisible, herbivore 3, speed 3,
frail 1, mutation resistance 1, slow metabolism 2
a: Potion Petition, Call Merchant, Bribe Branch, Renounce Religion


You were on level 2 of the Lair of Beasts.
You worshipped Gozag.
Gozag was most pleased with you.
You were not hungry.

You visited 3 branches of the dungeon, and saw 16 of its levels.
You also visited: Labyrinth, Sewer and Volcano.

You collected 3009 gold pieces.
You spent 898 gold pieces at shops.
You paid 650 gold pieces to Gozag.

Inventory:

Hand Weapons
 b - a +1 blowgun
 L - a +4 short sword
 Q - a +1 quick blade of flaming (weapon)
Missiles
 k - 4 poisoned tomahawks
 q - a needle of confusion
 r - 26 poisoned needles
 x - a throwing net (quivered)
 H - 3 curare-tipped needles
 J - 5 needles of frenzy
 M - 13 tomahawks
Armour
 d - a +1 cloak
 m - a +2 robe of cold resistance (worn)
 o - the scarf "Diyva" {rPois rCorr Str+3}
   (You acquired it on level 2 of the Lair of Beasts)

   It affects your strength (+3).
   It protects you from poison.
   It protects you from acid and corrosion.
 s - a scarf of repulsion (worn)
Jewellery
 a - a cursed +5 ring of dexterity (left hand)
Wands
 l - a wand of iceblast (4/15)
 w - a wand of iceblast (1/15)
 F - a wand of lightning (5/15)
 G - a wand of digging (0/24)
 U - a wand of polymorph (4/24)
 V - a wand of iceblast (2/15)
 W - a wand of disintegration (2/24)
 X - a wand of random effects (20/48)
 Y - a wand of flame (23/48)
Scrolls
 n - 8 scrolls of remove curse
 u - a scroll of magic mapping
 y - 2 scrolls of enchant armour
 A - a scroll of amnesia
 B - 3 scrolls of immolation
 N - a scroll of blinking
 S - a scroll of fog
Potions
 c - a potion of haste
 f - 5 potions of flight
 h - 2 potions of cancellation
 i - a potion of curing
 p - a potion of heal wounds
 t - 2 potions of agility
 v - 4 potions of ambrosia
 C - 5 potions of brilliance
 I - a potion of magic
 K - a potion of lignification
 R - a potion of might
Books
 e - a Fen Folio

   Spells                             Type                      Level
   a - Corpse Rot                     Necromancy                   2
   b - Stone Arrow                    Conjuration/Earth            3
   c - Leda's Liquefaction            Hexes/Earth                  4
   d - Summon Forest                  Summoning/Translocation      5
   e - Hydra Form                     Transmutation                6
   f - Summon Hydra                   Summoning                    7
 z - a book of Maledictions

   Spells                             Type                      Level
   a - Corona                         Hexes                        1
   b - Ensorcelled Hibernation        Hexes/Ice                    2
   c - Confuse                        Hexes                        3
   d - Tukima's Dance                 Hexes                        3
   e - Dazzling Spray                 Conjuration/Hexes            3
Comestibles
 g - 14 bread rations
 j - 17 royal jellies


   Skills:
 + Level 8.8 Fighting
 + Level 12.1 Short Blades
 - Level 7.0 Throwing
 - Level 14.2 Dodging
 - Level 14.4 Stealth
 - Level 3.7 Evocations


You had 11 spell levels left.
You didn't know any spells.

Dungeon Overview and Level Annotations

Branches:
Dungeon (12/15)            Temple (1/1) D:4            Lair (3/6) D:10
  Swamp (0/4) Lair:2        Snake (0/4) Lair:2
    Orc: D:9-12

Altars:
Ashenzari
Cheibriados
Dithmenos
Elyvilon
Fedhas
Gozag
Hepliaklqana
Kikubaaqudgha
Makhleb
Nemelex Xobeh
Okawaru
Qazlal
Ru
Sif Muna
Trog
Uskayaw
Vehumet
Xom
Yredelemnul
Zin
The Shining One
Lugonu

Shops:
D:6 *   D:10 }[:*[   D:11 %   Lair:2 *


Innate Abilities, Weirdness & Mutations

You are very small and have problems with some larger weapons.
You are too small for most types of armour.
You have supernaturally acute eyesight. (SInv)
You are a herbivore.
You cover ground extremely quickly.
You need consume almost no food.
You are partially covered in slimy green scales. (AC +2)
You are frail. (-10% HP)
You are somewhat resistant to further mutation.


Message History

You hit the swamp worm but do no damage.
The swamp worm is heavily wounded.
The swamp worm completely misses you.
The electric eel shoots out a bolt of lightning at you!
The bolt of electricity hits you!
You barely miss the swamp worm.
The swamp worm is heavily wounded.
You barely miss the swamp worm.
The swamp worm is heavily wounded.
You hit the swamp worm but do no damage.
The swamp worm is heavily wounded.
The swamp worm bites you!!
* * * LOW HITPOINT WARNING * * *
You are too injured to fight recklessly!
You are too injured to fight recklessly!
You are too injured to fight recklessly!
The electric eel shoots out a bolt of lightning at you!
The bolt of electricity misses you. The swamp worm bites you!!
You die...
Your body crumbles into a pile of gold.

#P.### ♣♣♣♣♣♣ #...#......
##...# ♣§;≈§♣ ###..##......
.##.## ♣§§§§♣♣#...####.....
.#...# ♣§§§§♣♣..### #.....
.##..# ♣§§.§♣♣.## ##....
.....# ♣≈§§≈♣♣..## #....
...#.## ♣♣..§♣♣...## ##.##
......# ♣≈♣.w♣♣....## ####
...#..##### ♣≈)@≈♣♣.....##
...#....#.#♣♣♣≈..≈♣♣#.#...#
## ..##........♣♣♣..≈♣
####### ##.
..##........♣♣≈♣.≈♣♣♣## #..
#####........♣≈..♣♣...# #..
####....###..♣≈♣.≈♣..## #..
..###.##.....♣≈.∩≈♣.## #..
......###....♣≈.♣≈♣.## #..
..##...#.....♣♣..♣♣.P# ###


You could see a swamp worm and an electric eel.

Vanquished Creatures
  A minotaur (Lab)
  A hydra (Lair:2)
  Harold (D:11)
  2 two-headed ogres
  An unseen horror (D:10)
  An orc sorcerer (Volcano)
  An ugly thing (D:11)
  A cyclops (D:11)
  A centaur zombie (D:11)
  A black mamba (Lair:3)
  A torpor snail (Lair:2)
  3 centaur skeletons
  A smoke demon (Volcano)
  3 spiny frogs (Lair:2)
  The ghost of acidapple the Transmogrifier, a novice MfTm (Sewer)
  4 red devils (Volcano)
  A queen bee (D:11)
  4 hornets
  6 hippogriffs
  4 shadows
  Sigmund (D:2)
  8 yaks
  2 wyverns
  2 hungry ghosts (D:11)
  Eustachio (D:6)
  2 steam dragons (D:8)
  Menkaure (D:5)
  A swamp worm (Lair:2)
  7 porcupines
  A water moccasin (Lair:2)
  2 orc warriors
  4 black bears
  8 sky beasts
  5 ice beasts
  A phantom (D:11)
  An eye of draining (D:11)
  3 ogres (D:11)
  13 wolves
  8 centaurs
  2 crocodiles
  2 big kobolds
  A gnoll sergeant (D:7)
  13 bullfrogs
  A wyvern zombie (D:8)
  5 scorpions
  29 killer bees
  5 wights
  3 howler monkeys (D:11)
  A bullfrog zombie (D:7)
  7 crimson imps
  2 quasits (D:9)
  4 hounds
  4 orc wizards
  2 orc priests
  7 jellies
  Crazy Yiuf (D:3)
  Jessica (D:3)
  2 bullfrog skeletons
  6 iguanas
  10 worker ants
  Ijyb (D:4)
  Natasha (thrice) (D:3)
  4 hound zombies
  A hound skeleton (D:4)
  A howler monkey zombie (D:11)
  Robin (D:3)
  4 gnolls (D:7)
  15 adders
  4 river rats
  4 shadow imps
  3 oozes
  An adder skeleton (D:8)
  6 worms
  3 dart slugs
  4 leopard geckos
  25 orcs
  8 bats
  3 giant cockroaches
  14 goblins
  9 hobgoblins
  7 jackals
  3 quokkas
  2 ball pythons
  4 frilled lizards
  18 kobolds
  2 quokka skeletons
  9 rats
377 creatures vanquished.

Vanquished Creatures (others)
  A phantom (D:9)
  An orc wizard (D:9)
  A bush (Lair:1)
  17 fungi
  7 plants
27 creatures vanquished.

Grand Total: 404 creatures vanquished

Notes
Turn   | Place    | Note
-------+----------+-------------------------------------------
     0 | D:1      | Ijustatesigmund the Spriggan Assassin began the quest for the Orb.
     0 | D:1      | Reached XP level 1. HP: 10/10 MP: 2/2
   601 | D:1      | Reached XP level 2. HP: 14/14 MP: 3/3
  1596 | D:1      | Reached XP level 3. HP: 18/18 MP: 4/4
  2171 | D:2      | Noticed Sigmund
  2173 | D:2      | Killed Sigmund
  2173 | D:2      | Reached skill level 5 in Dodging
  2173 | D:2      | Reached XP level 4. HP: 22/22 MP: 5/5
  2173 | D:2      | Reached XP level 5. HP: 25/25 MP: 6/6
  3079 | D:3      | Noticed Natasha
  3079 | D:3      | Noticed Jessica
  3101 | D:3      | Killed Jessica
  3147 | D:3      | Killed Natasha
  3147 | D:3      | Reached XP level 6. HP: 23/30 MP: 7/7
  3339 | D:3      | Found a shattered altar of Ashenzari.
  3603 | D:3      | Found a faded altar of an unknown god.
  3635 | D:3      | Found a snail-covered altar of Cheibriados.
  3738 | D:3      | Found a radiant altar of Vehumet.
  4054 | D:3      | Found a runed door.
  4058 | D:3      | Noticed Crazy Yiuf
  4058 | D:3      | Noticed Natasha
  4077 | D:3      | Killed Natasha
  4103 | D:3      | Noticed Natasha
  4107 | D:3      | Killed Crazy Yiuf
  4128 | D:3      | Killed Natasha
  4485 | D:3      | Found a glowing golden altar of the Shining One.
  4486 | D:3      | Noticed Robin
  4615 | D:3      | Killed Robin
  4818 | D:4      | Found a staircase to the Ecumenical Temple.
  4925 | D:4      | Gained mutation: You have large cloven feet. [potion of mutation]
  4925 | D:4      | Gained mutation: You do not regenerate when monsters are visible. [potion of mutation]
  4925 | D:4      | Gained mutation: You are partially covered in molten scales. (AC +2) [potion of mutation]
  5017 | D:4      | Found a glowing drain.
  5027 | Sewer    | Entered a sewer
  5053 | Sewer    | Reached XP level 7. HP: 36/36 MP: 8/8
  5079 | Sewer    | Noticed acidapple's ghost (novice MfTm)
  5147 | Sewer    | Killed acidapple's ghost
  5207 | Sewer    | Found a white marble altar of Elyvilon.
  5608 | D:4      | Noticed Ijyb
  5623 | D:4      | Killed Ijyb
  6002 | Temple   | Entered the Ecumenical Temple
  6025 | Temple   | Became a worshipper of Gozag Ym Sagoz the Greedy
  6066 | D:4      | Found a stormy altar of Qazlal.
  6080 | D:4      | Reached skill level 5 in Short Blades
  6080 | D:4      | Reached XP level 8. HP: 32/42 MP: 9/9
  6514 | D:4      | Lost mutation: You have large cloven feet. [potion of mutation]
  6514 | D:4      | Lost mutation: You do not regenerate when monsters are visible. [potion of mutation]
  6514 | D:4      | Lost mutation: You are partially covered in molten scales. (AC +2) [potion of mutation]
  6514 | D:4      | Gained mutation: You are frail. (-10% HP) [potion of mutation]
  6514 | D:4      | Gained mutation: You are partially covered in slimy green scales. (AC +2) [potion of mutation]
  6514 | D:4      | Gained mutation: You are somewhat resistant to further mutation. [potion of mutation]
  6533 | D:4      | Found a white marble altar of Elyvilon.
  6839 | D:5      | Entered Level 5 of the Dungeon
  6982 | D:5      | Found a shimmering altar of Xom.
  7013 | D:5      | Noticed Menkaure
  7018 | D:5      | Killed Menkaure
  7192 | D:5      | Found a shadowy altar of Dithmenos.
  7471 | D:6      | Found Jaadgh's General Store.
  7492 | D:6      | Bought a bread ration for 60 gold pieces
  7506 | D:6      | Found a bloodstained altar of Trog.
  7868 | D:6      | Found a glowing silver altar of Zin.
  8002 | D:6      | Noticed a hippogriff
  8033 | D:6      | Killed a hippogriff
  8033 | D:6      | Reached skill level 5 in Throwing
  8101 | D:6      | Reached skill level 5 in Fighting
  8181 | D:6      | Noticed Eustachio
  8182 | D:6      | Reached XP level 9. HP: 40/42 MP: 10/10
  8687 | D:6      | Killed Eustachio
  8768 | D:6      | Reached skill level 10 in Stealth
  9312 | D:7      | Found a shadowy altar of Dithmenos.
 10902 | D:7      | Found a blossoming altar of Fedhas.
 10940 | D:7      | Reached skill level 10 in Dodging
 11426 | D:8      | Found an iron altar of Okawaru.
 11489 | D:8      | Noticed a two-headed ogre
 11493 | D:8      | Killed a two-headed ogre
 11493 | D:8      | Reached XP level 10. HP: 47/47 MP: 11/11
 11724 | D:8      | Found a hide-covered altar of Uskayaw.
 12236 | D:9      | Reached skill level 1 in Evocations
 12473 | D:9      | Noticed a two-headed ogre
 12486 | D:10     | Entered Level 10 of the Dungeon
 12487 | D:10     | Noticed Harold
 12506 | D:10     | Found Acziwn's Gadget Shop.
 12510 | D:10     | Found Dusar's Armour Emporium.
 12516 | D:10     | Found Hopputum's General Store.
 12523 | D:10     | Found Nuas's Book Shop.
 12560 | D:10     | Bought a royal jelly for 22 gold pieces
 12560 | D:10     | Bought a royal jelly for 22 gold pieces
 12560 | D:10     | Bought a potion of might for 44 gold pieces
 12569 | D:10     | Found Cann's Armour Shoppe.
 12578 | D:10     | Bought a scarf of repulsion for 168 gold pieces
 13651 | D:9      | Found a hazy altar of Hepliaklqana.
 13651 | D:9      | Found a burning altar of Makhleb.
 13651 | D:9      | Found a sacrificial altar of Ru.
 14247 | D:9      | Killed a two-headed ogre
 15147 | D:10     | Noticed an unseen horror
 15197 | D:10     | Killed an unseen horror
 15197 | D:10     | Reached XP level 11. HP: 23/52 MP: 14/14
 15559 | D:11     | Found Senwiq's Food Emporium.
 15564 | D:11     | Bought 3 fruits for 63 gold pieces
 15564 | D:11     | Bought a bread ration for 70 gold pieces
 15564 | D:11     | Bought 4 fruits for 84 gold pieces
 15564 | D:11     | Bought a bread ration for 70 gold pieces
 15564 | D:11     | Bought a bread ration for 70 gold pieces
 15792 | D:11     | Paralysed by a hornet for 2 turns
 17288 | D:11     | Killed Harold
 17763 | D:11     | Noticed a green ugly thing
 18165 | D:10     | Found a staircase to the Lair.
 19018 | D:10     | Reached skill level 10 in Short Blades
 19430 | D:11     | Killed a green ugly thing
 20397 | Lair:1   | Entered Level 1 of the Lair of Beasts
 20458 | Lair:1   | Found a dark tunnel.
 20466 | Volcano  | Entered a volcano
 20497 | Volcano  | Reached XP level 12. HP: 56/56 MP: 15/15
 20959 | Lair:2   | Found a labyrinth entrance.
 20969 | Lab      | Entered a labyrinth
 22572 | Lab      | Noticed a minotaur
 22574 | Lab      | Killed a minotaur
 25425 | Lair:2   | Found a staircase to the Snake Pit.
 25596 | Lair:2   | Noticed a seven-headed hydra
 26497 | Lair:2   | Killed a seven-headed hydra
 26913 | Lair:2   | Bought a runed iron ring for 125 gold pieces
 26913 | Lair:2   | Bought a scroll labeled UROSOLIEHIU for 25 gold pieces
 26913 | Lair:2   | Bought a scroll of identify for 50 gold pieces
 26913 | Lair:2   | Bought a scroll labeled RIMMOI LOAM for 25 gold pieces
 26919 | Lair:2   | Got a translucent scarf
 26930 | Lair:2   | Identified the scarf "Diyva" {rPois rCorr Str+3} (You acquired it on level 2 of the Lair of Beasts)
 26944 | Lair:2   | Found a staircase to the Swamp.
 26965 | Lair:2   | Mangled by a swamp worm

Skill      XL: |  1  2  3  4  5  6  7  8  9 10 11 12 |
---------------+-------------------------------------+-----
Dodging        | 2 5 7 11 12 13 14 | 14.2
Short Blades   | 3 4 5 6 7 8 10 12 | 12.1
Stealth        | 6 7 9 10 11 13 14 | 14.4
Fighting       | 2 3 4 5 6 7 8 |  8.8
Throwing       | 4 5 7 |  7.0
Evocations     | 3 |  3.7

Action                   |  1- 3 |  4- 6 |  7- 9 | 10-12 || total
-------------------------+-------+-------+-------+-------++-------
Melee: Dagger            |    97 |   298 |   723 |   201 ||  1319
       Kick              |       |    18 |    53 |       ||    71
       Short sword       |       |       |       |   899 ||   899
       Quick blade       |       |       |       |   923 ||   923
 Fire: Blowgun           |     9 |    34 |    46 |   127 ||   216
Throw: Tomahawk          |       |       |    15 |     5 ||    20
       Throwing net      |       |       |       |     5 ||     5
Invok: Call Merchant     |       |       |       |     1 ||     1
Evoke: Wand              |       |       |    11 |    24 ||    35
  Use: Scroll            |     1 |    10 |     5 |    17 ||    33
       Potion            |       |     1 |     5 |    15 ||    21
 Stab: Sleeping          |     5 |    10 |    22 |    33 ||    70
       Confused          |       |       |     4 |       ||     4
       Distracted        |       |       |     3 |    19 ||    22
       Paralysed         |       |       |       |     2 ||     2
  Eat: Royal jelly       |       |     1 |     2 |     5 ||     8
       Fruit             |       |       |     3 |     9 ||    12
Armor: Robe              |    20 |    21 |    44 |    83 ||   168
Dodge: Dodged            |    72 |   206 |   468 |  1581 ||  2327
       Deflected         |       |       |       |    12 ||    12
